 Dungeon Crawl Stone Soup version 0.23.2-33-g5129a83184 (webtiles) character file.

Game seed: 12222740758957372379

127 Exodus22XD the Shield-Bearer (level 4, -3/42 HPs)
             Began as a Deep Dwarf Fighter on July 4, 2019.
             Slain by an orc wizard
             ... wielding a +0 dagger of electrocution
              (19 damage)
             ... on level 3 of the Dungeon.
             The game lasted 00:04:03 (1614 turns).

Exodus22XD the Shield-Bearer (Deep Dwarf Fighter)   Turns: 1614, Time: 00:04:06

Health: -3/42      AC:  7    Str: 20    XL:     4   Next: 85%
Magic:  3/3        EV:  8    Int:  9    God:
Gold:   88         SH:  9    Dex: 12    Spells: 3/3 levels left

rFire    . . .     SeeInvis +   a - +0 war axe
rCold    . . .     Gourm    .   c - +0 shield
rNeg     . . .     Faith    .   b - +0 scale mail
rPois    .         Spirit   .   (no helmet)
rElec    .         Reflect  .   (no cloak)
rCorr    .         Harm     .   (no gloves)
MR       .....                  (no boots)
Stlth    ..........             (no amulet)
HPRegen  0.00/turn              g - ring of see invisible
MPRegen  0.08/turn              (no ring)

@: non-regenerating
A: damage resistance, heal wounds, sense surroundings 1, no regeneration
a: Heal Wounds


You were on level 3 of the Dungeon.
You were not hungry.

You visited 1 branch of the dungeon, and saw 3 of its levels.

You collected 88 gold pieces.

Inventory:

Hand Weapons
 a - a +0 war axe (weapon)
Armour
 b - a +0 scale mail (worn)
 c - a +0 shield (worn)
Jewellery
 g - a ring of see invisible (left hand)
Wands
 n - a wand of flame (18)
Scrolls
 h - a scroll of identify {unknown}
 k - a scroll of enchant armour {unknown}
 l - 2 scrolls of remove curse {unknown}
 m - a scroll of magic mapping {unknown}
 o - a scroll of random uselessness {unknown}
 q - 2 scrolls of teleportation {unknown}
Potions
 d - a potion of might
 e - a potion of berserk rage {unknown}
 i - a potion of lignification {unknown}
 j - a potion of heal wounds {unknown}
Comestibles
 f - 3 rations
 p - 4 chunks of flesh


   Skills:
 + Level 3.2 Fighting
 + Level 3.6 Axes
 + Level 4.0 Armour
 + Level 1.0 Dodging
 - Level 0.4 Stealth
 + Level 4.1 Shields


You had 3 spell levels left.
You didn't know any spells.
Your spell library was empty.

Dungeon Overview and Level Annotations

Branches:
Dungeon (3/15)

Altars:
Sif Muna


Innate Abilities, Weirdness & Mutations

You are resistant to damage.
You can heal yourself by infusing magical energy.
You passively map a small area around you.
You do not regenerate.


Message History

You are too injured to fight recklessly!
You are too injured to fight recklessly!
You are too injured to fight recklessly!
Unknown command.
You are too injured to fight recklessly!
You are too injured to fight recklessly!
You barely miss the orc wizard.
The orc wizard is heavily wounded.
You hit the hobgoblin but do no damage. You hit the orc.
You kill the orc!
You block the orc wizard's attack.
The hobgoblin hits you but does no damage.
You block the orc wizard's attack. The hobgoblin barely misses you.
You hit the orc wizard but do no damage.
The orc wizard is heavily wounded.
Your shield prevents you from hitting the hobgoblin.
The orc wizard barely misses you.
The orc wizard hits you with a +0 dagger of electrocution.
You are electrocuted!!
You die...

* , , * ....... * ,
.!... , ,....., ,* #...#
* * # #...#.# ,
#.#$..#.# * *#.
#.#go)#.# #.* *
#...@...# #.# , ,
#.......#######.#. *
###.##.........##.> , *
#.........#.......## *
,,...........#.##.##..##
##....##..##)...##...##
####.#....).#..##.<#.#.
* #.#.....###.##)..... #
#.#.#..#..##.#####


You could see an orc wizard (invisible) and a hobgoblin.

Vanquished Creatures
  2 orc priests (D:3)
  An adder (D:2)
  3 worms (D:2)
  3 dart slugs
  4 orcs (D:3)
  4 giant cockroaches
  5 goblins
  2 hobgoblins (D:1)
  6 jackals
  4 kobolds
  A ball python (D:1)
  2 bats
  3 frilled lizards
  2 rats
42 creatures vanquished.

Notes
Turn   | Place    | Note
-------+----------+-------------------------------------------
     0 | D:1      | Exodus22XD the Deep Dwarf Fighter began the quest for the
                  | Orb.
     0 | D:1      | Reached XP level 1. HP: 20/20 MP: 1/1
   305 | D:1      | Reached XP level 2. HP: 26/28 MP: 2/2
   906 | D:2      | Found a deep blue altar of Sif Muna.
   950 | D:2      | Reached XP level 3. HP: 28/34 MP: 3/3
  1589 | D:3      | Reached XP level 4. HP: 42/42 MP: 4/4
  1609 | D:3      | Reached skill level 1 in Dodging
  1614 | D:3      | Slain by an orc wizard

Skill      XL: |  1  2  3  4 |
---------------+-------------+-----
Fighting       | 3 |  3.2
Axes           | 3 |  3.6
Shields        | 4 |  4.1
Armour         | 4 |  4.0
Dodging        | 1 |  1.0
Stealth        | |  0.4

Action                   |  1- 3 |  4- 6 || total
-------------------------+-------+-------++-------
Melee: War axe           |   137 |    11 ||   148
 Abil: Heal Wounds       |     1 |     1 ||     2
  Eat: Chunk             |     2 |     1 ||     3
Armor: Scale mail        |    76 |     5 ||    81
Dodge: Dodged            |    36 |     8 ||    44
Block: Shield            |    75 |    12 ||    87
